 Dungeon Crawl Stone Soup version 0.19-a0-1697-g0595f0e (webtiles) character file.

47825 GrosslyIncandescent the Martial Artist (level 14, 0/108 HPs)
             Began as a Mummy Monk on Sept 26, 2016.
             Slain by a meliai
             ... wielding a +0 war axe
              (6 damage)
             ... on level 4 of the Lair of Beasts.
             The game lasted 02:13:25 (46699 turns).

GrosslyIncandescent the Martial Artist (MuMo)      Turns: 46699, Time: 02:13:26

Health: 0/108      AC:  9    Str: 16    XL:     14   Next: 10%
Magic:  14/14      EV: 21    Int:  9    God:
Gold:   666        SH: 13    Dex: 22    Spells: 0 memorised, 13 levels left

rFire  x . .     SeeInvis .       - Unarmed
rCold  + . .     Gourm    .     (no armour)
rNeg   + + +     Faith    .     b - +0 shield {Pure}
rPois  ∞         Spirit   .     m - +2 helmet {Robin's scalp}
rElec  .         Dismiss  .     c - +2 cloak
rCorr  .         Reflect  .     (no gloves)
MR     +....     Harm     .     (no boots)
Stlth  ++++......               (no amulet)
                                D - +2 ring of protection
                                z - +4 ring of dexterity

@: about to teleport
A: no food or potions, fire vulnerability, cold resistance 1, negative energy
resistance 3, torment resistance, unbreathing, in touch with death 1
a: no special abilities


You were on level 4 of the Lair of Beasts.
You were not hungry.

You visited 3 branches of the dungeon, and saw 17 of its levels.
You also visited: Labyrinth and Ossuary.

You collected 950 gold pieces.
You spent 284 gold pieces at shops.


Innate Abilities, Weirdness & Mutations

You do not eat or drink.
Your flesh is vulnerable to fire.
You are immune to poison.
Your flesh is cold resistant. (rC+)
You are immune to negative energy. (rN+++)
You are immune to unholy pain and torment.
You can survive without breathing.
You are in touch with the powers of death.


   Skills:
 - Level 9.0 Fighting
 + Level 10.5 Dodging
 - Level 5.9 Stealth
 - Level 11.1 Shields
 - Level 12.0 Unarmed Combat


You had 13 spell levels left.
You didn't know any spells.

Inventory:

Hand Weapons
 t - a +3 scythe of distortion {Freud's Obsession}
 A - the +7 great mace "Undeadhunter" {disrupt, rN+}

   It protects you from negative energy.
Missiles
 R - 7 large rocks (quivered) { Ruk}
Armour
 b - a +0 shield (worn) {Pure}
 c - a +2 cloak (worn)
 m - a +2 helmet (worn) {Robin's scalp}
Jewellery
 i - an uncursed ring of see invisible
 q - an uncursed amulet of guardian spirit {unknown}
 y - an uncursed amulet of the gourmand {unknown}
 z - a +4 ring of dexterity (left hand)
 B - an uncursed amulet of rage {unknown}
 C - an uncursed ring of protection from magic
 D - a +2 ring of protection (right hand)
 E - an uncursed amulet of dismissal {unknown}
 G - an uncursed ring of resist corrosion
Scrolls
 d - 3 scrolls of fog
 f - 3 scrolls of magic mapping
 g - 6 scrolls of remove curse
 h - 2 scrolls of random uselessness
 j - 4 scrolls of enchant weapon
 k - 3 scrolls of identify {@r1}
 l - 3 scrolls of immolation {!r}
 n - 3 scrolls of noise {!r}
 o - a scroll of amnesia
 p - 3 scrolls of teleportation {@r4}
 r - 2 scrolls of summoning
 u - 2 scrolls of enchant armour
 v - 5 scrolls of fear
 w - 3 scrolls of recharging
 x - 2 scrolls of torment
Comestibles
 a - a royal jelly {Mark of Royalty}
 s - 9 fruits {Delicious!}

Dungeon Overview and Level Annotations

Branches:
Dungeon (10/15)            Temple (0/1) D:5            Lair (6/6) D:9
 Shoals (0/4) Lair:3       Spider (1/4) Lair:2          Orc (0/2) D:9
  Slime: Lair:5-6

Altars:
Elyvilon
Fedhas
Gozag
Kikubaaqudgha
Nemelex Xobeh
Qazlal
Xom
The Shining One

Shops:
D:8 (?(?

Annotations:
D:8 Cleared, exclusion: 2 downstairs
D:9 Free cloak , 8 exclusions, Maurice
D:10 exclusion: ugly thing
Lair:2 exclusions: downstairs and 1 more exclusion
Lair:3 exclusion: downstairs
Lair:5 Nessos
Shoals:1 I'm so happy you're not swamp I'm gonna overlook the fact you're shoals

▒▒.÷▒▒ ▒▒...▒▒▒ ▒▒..▒▒
▒...▒ ▒...▒ ▒▒..▒▒
▒..▒▒ ▒▒..▒ ▒ ▒.▒▒▒▒
▒..▒ ▒▒▒▒▒'▒▒.▒ ▒..▒▒▒▒
.........▒ ▒.....▒▒
........▒▒▒▒▒ ▒.P▒▒..▒▒
........'...▒▒▒.M.▒.▒.▒
........▒......▒▒y...▒▒
)▒▒▒.▒P▒▒▒▒▒........f▒
▒▒ ▒▒▒▒▒ ▒▒...▒▒...▒
▒▒▒.....▒▒ ▒▒▒.▒▒▒ ▒▒▒


You could see a meliai.


Message History

You block the meliai's attack!
You pummel the meliai but do no damage!
The meliai is lightly wounded!
The meliai closely misses you! The meliai barely misses you!
The meliai misses you! You block the meliai's attack!
You pulverise the meliai but do no damage!
The meliai is lightly wounded!
You block the meliai's attack! The meliai misses you!
You miss the meliai!
The meliai is lightly wounded!
The meliai hits you with a war axe! * * * don't die
* * * You block the meliai's attack!
You squash the meliai like an ant!!!
The meliai is severely wounded!
The meliai mumbles some strange prayers to its god against you!
Something smites you!!! * * * don't die
* * * The meliai hits you with a war axe!!! * * * don't die
* * * You block the meliai's attack!
Okay, then!
Here: a meliai, wielding a war axe and wearing a leather armour (severely wounded)
The floor!
As you read the scroll of teleportation {@r4}, it crumbles to dust!
You feel strangely unstable! You block the meliai's attack! x2
You block the meliai's attack!
The meliai stings you but does no damage!
You block the meliai's attack! The meliai stings you! rip

Action                   |  1- 3 |  4- 6 |  7- 9 | 10-12 | 13-15 || total
-------------------------+-------+-------+-------+-------+-------++-------
Melee: Unarmed           |   180 |   236 |   852 |  1888 |  1084 ||  4240
       Punch             |     2 |     6 |    34 |    23 |       ||    65
  Use: Scroll            |       |     5 |     3 |    11 |     4 ||    23
 Stab: Sleeping          |     6 |     1 |     6 |    13 |    10 ||    36
       Distracted        |       |       |     3 |     5 |     1 ||     9
       Held in net/web   |       |       |       |    52 |    15 ||    67
Armor: Skin              |    30 |    46 |   116 |   153 |   108 ||   453
Dodge: Dodged            |   126 |   144 |   512 |  1082 |   590 ||  2454
Block: Shield            |       |       |       |   633 |   578 ||  1211

Vault maps used:
D:1:      enne_arrival_octagon_isle, minmay_misc_feat_tiny,
          minmay_misc_feat_five, minmay_tall_x
D:2:      ecumenical_altar_1, bh_walls_and_bars
D:3:      first_bread, uniq_sigmund, uniq_natasha, uniq_jessica, uniq_robin
D:4:      grunt_gozag_statues, uniq_blork_the_orc, uniq_menkaure, uniq_eustachio
D:5:      grunt_temple_overflow_forces_of_nature
D:6:      gammafunk_temple_overflow_statue, gammafunk_temple_overflow_elements,
          uniq_edmund
D:7:      enter_ossuary_4, grunt_ogre_cave
D:8:      serial_shops, shop, nicolae_shop_statue_plus, shop,
          kennysheep_mini_moat, hangedman_decor_peaks_small
D:9:      lemuel_coloured_pillars_altar, lair_0_dummy, orc_0_dummy,
          minmay_misc_feat_x, basic_loot_grate_trap, uniq_maurice
Lair:1:   kb_forest_paths, grunt_forest_small_clearing_treed
Lair:2:   spider_nest_entry_web_field, basic_altar, lab_entry_generic,
          hibernation_bobbens
Lair:3:   minmay_shoals_entry_hut, infiniplex_staircase_pool_2,
          lemuel_fruit_tree, grunt_megastairs_1
Lair:4:   basic_altar
Lair:5:   regret_index_wax_grids, lemuel_centaur_altar, uniq_nessos
Lair:6:   minmay_lair_end_frog_pond, slime_altar_2
Lab:      labyrinth_watery, labyrinth_skeletal_remains
Ossuary:  ossuary_minmay_scorpions

Notes
Turn   | Place    | Note
-------+----------+-------------------------------------------
     0 | D:1      | GrosslyIncandescent the Mummy Monk began the quest for the Orb.
     0 | D:1      | Reached XP level 1. HP: 18/18 MP: 1/1
   493 | D:1      | Reached XP level 2. HP: 16/24 MP: 2/2
   501 | D:1      | Reached skill level 3 in Unarmed Combat
  1297 | D:2      | Reached XP level 3. HP: 26/29 MP: 3/3
  1566 | D:2      | Found a faded altar of an unknown god.
  2187 | D:3      | Reached skill level 4 in Unarmed Combat
  2188 | D:3      | Noticed Robin
  2202 | D:3      | Noticed Jessica
  2219 | D:2      | Reached XP level 4. HP: 16/35 MP: 4/4
  2560 | D:3      | Killed Robin
  2574 | D:3      | Killed Jessica
  2644 | D:3      | Reached XP level 5. HP: 32/41 MP: 5/5
  2761 | D:3      | Noticed an orc warrior
  2917 | D:3      | Reached skill level 5 in Unarmed Combat
  3363 | D:3      | Reached skill level 3 in Dodging
  3727 | D:4      | Found an opulent altar of Gozag.
  3750 | D:4      | Noticed Menkaure
  3962 | D:3      | Reached XP level 6. HP: 40/47 MP: 6/6
  4112 | D:4      | Killed Menkaure
  4112 | D:4      | Reached skill level 4 in Dodging
  4535 | D:4      | Noticed Eustachio
  4554 | D:4      | Noticed Blork the orc
  4598 | D:3      | Noticed Natasha
  4801 | D:3      | Killed Natasha
  4801 | D:3      | Reached XP level 7. HP: 39/52 MP: 7/7
  5185 | D:3      | Noticed Natasha
  5199 | D:3      | Killed Natasha
  5650 | D:3      | Noticed Natasha
  5662 | D:3      | Killed Natasha
  5909 | D:4      | Killed Blork the orc
  5909 | D:4      | Reached skill level 6 in Unarmed Combat
  6268 | D:5      | Entered Level 5 of the Dungeon
  7037 | D:5      | Reached skill level 5 in Dodging
  7149 | D:5      | Found a staircase to the Ecumenical Temple.
  7305 | D:5      | Found a blossoming altar of Fedhas.
  7439 | D:5      | Found a stormy altar of Qazlal.
  7443 | D:5      | Noticed Sigmund
  7467 | D:5      | Killed Sigmund
  7467 | D:5      | Reached skill level 6 in Dodging
  7467 | D:5      | Reached XP level 8. HP: 42/58 MP: 8/8
  8053 | D:6      | Noticed Xiguana's ghost (novice DsCK)
  8278 | D:5      | Reached skill level 7 in Unarmed Combat
  9622 | D:7      | Found a sand-covered staircase.
  9669 | Ossuary  | Entered an ossuary
  9761 | Ossuary  | Reached XP level 9. HP: 63/63 MP: 9/9
  9779 | Ossuary  | Reached skill level 7 in Dodging
 10618 | Ossuary  | Reached skill level 8 in Unarmed Combat
 11324 | D:7      | Reached skill level 9 in Unarmed Combat
 11371 | D:7      | Reached skill level 8 in Dodging
 11393 | D:6      | Noticed Edmund
 13290 | D:7      | Killed Edmund
 13290 | D:7      | Reached XP level 10. HP: 62/70 MP: 10/10
 13372 | D:6      | Reached skill level 9 in Dodging
 13889 | D:8      | Found Fonge's Antique Weapon Shoppe.
 13932 | D:8      | Found Sistil's Magic Scroll Emporium.
 13941 | D:8      | Bought 2 scrolls of fear for 91 gold pieces
 13941 | D:8      | Bought a scroll of noise for 13 gold pieces
 13941 | D:8      | Bought a scroll of identify for 26 gold pieces
 13941 | D:8      | Bought a scroll of identify for 26 gold pieces
 13945 | D:8      | Bought a scroll of teleportation for 39 gold pieces
 13945 | D:8      | Bought a scroll of magic mapping for 45 gold pieces
 14061 | D:8      | Found Qukk's Weapon Shoppe.
 14167 | D:8      | Reached skill level 4 in Fighting
 14220 | D:8      | Found Vigil's Magic Scroll Shop.
 14234 | D:8      | Bought a scroll of identify for 22 gold pieces
 14235 | D:8      | Bought a scroll of identify for 22 gold pieces
 14640 | D:8      | Reached skill level 5 in Fighting
 15208 | D:9      | Found a staircase to the Lair.
 15225 | Lair:1   | Entered Level 1 of the Lair of Beasts
 15906 | D:4      | Killed Eustachio
 15931 | D:4      | Reached skill level 6 in Fighting
 16623 | D:6      | Found a sparkling altar of Nemelex Xobeh.
 16623 | D:6      | Found an ancient bone altar of Kikubaaqudgha.
 16908 | D:9      | Noticed Maurice
 17062 | D:8      | Reached skill level 7 in Fighting
 17852 | D:8      | Reached skill level 1 in Shields
 18250 | D:9      | Reached skill level 2 in Shields
 18606 | D:9      | Found a staircase to the Orcish Mines.
 18815 | D:9      | Found a white marble altar of Elyvilon.
 18822 | D:9      | Reached skill level 3 in Shields
 18864 | D:9      | WHAT COULD IT DO
 18883 | D:10     | Entered Level 10 of the Dungeon
 18948 | D:10     | Noticed a cyan ugly thing
 18989 | D:10     | Noticed a hill giant
 19294 | D:10     | Reached skill level 4 in Shields
 19925 | D:10     | Reached XP level 11. HP: 83/84 MP: 11/11
 19960 | D:10     | Reached skill level 5 in Shields
 20139 | Lair:1   | Noticed a death yak
 20139 | Lair:1   | Noticed a death yak
 20158 | Lair:1   | Noticed a death yak
 20487 | Lair:1   | Noticed a death yak
 20490 | Lair:1   | Noticed a death yak
 20492 | Lair:1   | Noticed a death yak
 20495 | D:9      | clearing the entrance
 20495 | D:9      | one DYak at a time
 21549 | D:9      | wait
 21790 | D:8      | oh christ
 22867 | Lair:1   | Reached skill level 6 in Shields
 23332 | Lair:1   | please don't murder me
 23532 | D:9      | HP: 8/84 [komodo dragon (16)]
 24027 | Lair:1   | you are going to murder me
 24191 | Lair:1   | SOLID DEFENSE
 24254 | Lair:1   | Reached skill level 7 in Shields
 25371 | Lair:1   | Reached skill level 8 in Shields
 25677 | D:9      | Reached skill level 2 in Stealth
 25996 | Lair:1   | Reached skill level 3 in Stealth
 26066 | Lair:2   | Found a hole to the Spider Nest.
 26186 | Lair:1   | HP: 5/84 [blink frog (12)]
 26187 | Lair:1   | Reached skill level 4 in Stealth
 26194 | Lair:1   | I can be dead any moment
 26575 | Lair:2   | DON'T CLOSE
 26583 | Lair:2   | Found a labyrinth entrance.
 26583 | Lair:2   | Noticed a four-headed hydra
 26584 | Lair:2   | OH COME ON
 26584 | Lair:2   | WHAT THE FUCK
 26584 | Lair:2   | ASSHOLE
 26590 | Lab      | Entered a labyrinth
 26591 | Lab      | in your fucking face
 26808 | Lab      | Noticed a minotaur
 26880 | Lair:2   | ah shit
 27020 | Lair:2   | You know what, I'm taking a break
 27295 | Lair:2   | Reached skill level 5 in Stealth
 27530 | Lair:2   | Found a shimmering altar of Xom.
 28034 | Lair:2   | Reached XP level 12. HP: 83/91 MP: 12/12
 28552 | Lair:2   | Killed a four-headed hydra
 28552 | Lair:2   | Reached skill level 9 in Shields
 29697 | Lair:2   | Killed a death yak
 30042 | Lair:2   | Killed a death yak
 30681 | Lair:2   | Killed a death yak
 30985 | Lair:2   | Killed a death yak
 30985 | Lair:2   | Reached skill level 10 in Shields
 31456 | Lair:2   | Killed a death yak
 33026 | Lair:1   | Reached skill level 10 in Unarmed Combat
 33266 | Lair:2   | Found a shimmering altar of Xom.
 33524 | Lair:2   | Found a hole to the Spider Nest.
 34405 | Lair:2   | Killed a death yak
 34698 | D:6      | Killed Xiguana's ghost
 34803 | Lair:3   | Noticed a seven-headed hydra
 35162 | Lair:2   | Killed a seven-headed hydra
 35871 | Lair:3   | Gained mutation: You are in touch with the powers of death. [Mummy growth]
 35871 | Lair:3   | Reached XP level 13. HP: 94/96 MP: 13/13
 36344 | Lair:2   | Reached skill level 11 in Unarmed Combat
 36565 | Lair:3   | Found a staircase to the Shoals.
 37898 | Lair:2   | Reached skill level 10 in Dodging
 38120 | Lair:2   | Asshole elephants ruining my garden
 39796 | Spider:1 | Entered Level 1 of the Spider Nest
 41848 | Lair:4   | Found a glowing golden altar of the Shining One.
 42220 | Lair:4   | Reached skill level 12 in Unarmed Combat
 43039 | Lair:4   | Found a glowing golden altar of the Shining One.
 43163 | Lair:4   | Reached skill level 11 in Shields
 43924 | Lair:5   | Noticed Nessos
 44632 | Lair:6   | Entered Level 6 of the Lair of Beasts
 44678 | Lair:4   | Reached skill level 8 in Fighting
 44759 | Lair:5   | Reached XP level 14. HP: 72/105 MP: 14/14
 46601 | Lair:5   | Reached skill level 9 in Fighting
 46696 | Lair:4   | HP: 5/108 [meliai/war axe (9)]
 46699 | Lair:4   | Slain by a meliai

Vanquished Creatures
  3 hydras (Lair:2)
  10 death yaks
  The ghost of Xiguana the Skirmisher, a novice DsCK of Xom (D:6)
  20 elephants
  3 black mambas
  16 spiny frogs
  2 rime drakes (Lair:2)
  8 komodo dragons
  A polar bear (Lair:3)
  20 blink frogs
  A snapping turtle (Lair:3)
  6 hippogriffs
  11 dream sheep (Lair:4)
  Sigmund (D:5)
  2 wyverns
  30 yaks
  Eustachio (D:4)
  7 spriggans (Lair:1)
  2 hungry ghosts
  A steam dragon (Lair:5)
  Edmund (D:7)
  A basilisk (Lair:4)
  Menkaure (D:4)
  6 water moccasins
  9 porcupines
  An orc warrior (D:7)
  2 ice beasts
  A wasp (D:8)
  2 phantoms
  4 sky beasts
  14 wolves
  7 ogres
  4 centaurs
  11 crocodiles
  2 big kobolds (D:9)
  Blork the orc (D:4)
  13 bullfrogs
  A water moccasin zombie (D:6)
  A wyvern skeleton (D:9)
  A water moccasin skeleton (D:7)
  13 scorpions
  14 killer bees
  2 howler monkeys (D:7)
  8 crimson imps
  A bullfrog zombie (D:6)
  6 centaur zombies (Ossuary)
  3 human zombies (Ossuary)
  9 hounds
  3 bullfrog skeletons
  3 orc priests
  Jessica (D:3)
  Natasha (thrice) (D:3)
  11 iguanas
  8 orc wizards
  7 worker ants
  2 big kobold zombies (Ossuary)
  2 mummies (Ossuary)
  Robin (D:3)
  A worker ant zombie (D:9)
  18 adders
  12 gnolls
  4 scorpion zombies (Ossuary)
  77 river rats
  2 shadow imps
  3 oozes
  An adder zombie (D:7)
  2 worms
  4 dart slugs
  A leopard gecko (D:6)
  32 orcs
  2 ball pythons
  9 giant cockroaches
  16 goblins
  8 hobgoblins
  11 jackals
  13 kobolds
  6 quokkas
  6 bats
  2 frilled lizards (D:3)
  A gnoll zombie (Ossuary)
  4 goblin zombies
  A hobgoblin zombie (Ossuary)
  4 kobold zombies (Ossuary)
  6 rats
  A rat zombie (D:7)
  A plant (Lair:1)
574 creatures vanquished.

Vanquished Creatures (others)
  A mummy (Ossuary)
  A bush (Lair:1)
  28 fungi
  19 plants
49 creatures vanquished.

Grand Total: 623 creatures vanquished
